 Dungeon Crawl Stone Soup version 0.30-a0-918-g0ff054e9dc (webtiles) character file.

Game seed: 10586503618998481648

412 funkygono the Chopper (level 6, 0/55 HPs)
             Began as a Minotaur Fighter on Mar 20, 2023.
             Slain by a gnoll
             ... wielding a +0 spear
             ... led by a gnoll bouda
              (2 damage)
             ... on level 5 of the Dungeon.
             The game lasted 00:04:18 (3501 turns).

funkygono the Chopper (Minotaur Fighter)            Turns: 3501, Time: 00:04:19

Health: 0/55       AC:  7    Str: 22    XL:     6   Next: 59%
Magic:  0/5        EV:  9    Int:  5    God:
Gold:   186        SH:  4    Dex: 10    Spells: 5/5 levels left

rFire   . . .      SeeInvis .    a - +0 war axe
rCold   . . .      Faith    .    c - +0 buckler
rNeg    . . .      Spirit   +    b - +0 scale mail
rPois   .          Reflect  .    (helmet restricted)
rElec   .          Rampage  .    (no cloak)
rCorr   .                        (no gloves)
Will    .....                    (no boots) Stlth
                                 o - amulet of guardian spirit
HPRegen 0.29/turn                (no ring)
MPRegen 0.09/turn                (no ring)

@: weakened
A: horns 2, retaliatory headbutt
a: no special abilities


You were on level 5 of the Dungeon.
You visited 1 branch of the dungeon, and saw 5 of its levels.

You collected 186 gold pieces.

Inventory:

Hand Weapons
 a - a +0 war axe (weapon)
 w - a +0 sling
Missiles
 i - 6 poisoned darts (quivered)
Armour
 b - a +0 scale mail (worn)
 c - a +0 buckler (worn)
Jewellery
 o - an amulet of guardian spirit (around neck)
Wands
 t - a wand of quicksilver (9)
Scrolls
 e - a scroll of immolation {unknown}
 h - a scroll of enchant armour {unknown}
 j - a scroll of brand weapon {unknown}
 k - 3 scrolls of teleportation {unknown}
 l - 7 scrolls of identify {unknown}
 m - a scroll of blinking {unknown}
 p - a scroll of vulnerability {unknown}
 r - 3 scrolls of poison {unknown}
 x - a scroll of fog {unknown}
Potions
 d - 3 potions of might
 f - 4 potions of heal wounds {unknown}
 g - a potion of resistance {unknown}
 n - 2 potions of haste {unknown}
 q - 2 potions of curing {unknown}
 s - a potion of lignification {unknown}
 u - a potion of brilliance {unknown}
 v - a potion of attraction {unknown}


   Skills:
 + Level 4.8 Fighting
 + Level 5.6 Axes
 + Level 5.4 Armour
 + Level 1.4 Dodging
 + Level 4.7 Shields


You had 5 spell levels left.
You didn't know any spells.
Your spell library contained the following spells:

 Spells                   Type           Power      Damage    Failure   Level
 Blink                    Tloc           0%         N/A       95%         2
 Cigotuvi's Dreadful Rot  Necr/Pois/Air  0%         N/A       95%         2
 Scorch                   Fire           0%         2d5       95%         2
 Animate Dead             Necr           0%         N/A       100%        4
 Dispel Undead            Necr           0%         3d6       100%        4
 Flame Wave               Conj/Fire      0%         2d4       100%        4
 Manifold Assault         Tloc           0%         N/A       100%        4
 Borgnjor's Vile Clutch   Necr/Erth      0%         N/A       100%        5
 Death Channel            Necr           0%         N/A       100%        6
 Summon Cactus Giant      Summ           0%         N/A       100%        6
 Storm Form               Tmut/Air       0%         N/A       100%        7


Dungeon Overview and Level Annotations

Branches:
Dungeon (5/15)
 Temple: D:4-7

Altars:
Ashenzari
Qazlal
Ru
Uskayaw
Vehumet

Shops:
D:1 [   D:4 ((

Annotations:
D:3 3 runed translucent doors, sanka's ghost, amateur HOMo


Innate Abilities, Weirdness & Mutations

You have a pair of horns on your head.
You reflexively headbutt those who attack you in melee.


Message History

The gnoll hits you from afar with a +0 halberd!
The gnoll bouda closely misses you. The gnoll barely misses you.
You slash the gnoll bouda!
The gnoll bouda is almost dead.
The gnoll bouda hits you with a +0 club.
The gnoll hits you from afar with a +0 halberd.
* * * LOW HITPOINT WARNING * * *
The gnoll bouda hits you with a +0 club.
* * * LOW HITPOINT WARNING * * *
You hit the gnoll bouda but do no damage.
The gnoll bouda is almost dead.
The gnoll hits you but does no damage. The gnoll bouda misses you.
You furiously retaliate!
You headbutt the gnoll bouda. You slash the gnoll bouda!
You kill the gnoll bouda!
The gnoll hits you from afar with a +0 halberd.
* * * LOW HITPOINT WARNING * * *
You block the gnoll's attack. The gnoll closely misses you.
You hit the gnoll. Your headbutt misses the gnoll.
The gnoll is moderately wounded.
The gnoll is no longer moving quickly. x2
A gnoll comes into view. It is wielding a +0 spear.
The gnoll closely misses you. The gnoll barely misses you.
The gnoll shouts!
You hit the gnoll but do no damage. Your headbutt misses the gnoll.
The gnoll is moderately wounded.
The gnoll hits you with a +0 club.
* * * LOW HITPOINT WARNING * * *
The gnoll barely misses you. x2
You barely miss the gnoll. Your headbutt misses the gnoll.
The gnoll is moderately wounded.
You block the gnoll's attack. The gnoll completely misses you.
You block the gnoll's attack. The gnoll barely misses you.
You furiously retaliate!
You headbutt the gnoll. You hit the gnoll but do no damage.
The gnoll is heavily wounded.
The gnoll hits you from afar with a +0 halberd.
* * * LOW HITPOINT WARNING * * *
The gnoll hits you from afar with a +0 spear.
You die...

#.# #..#.#
##.#########..#.##
##...........†....#
......##.##.#####.####.#
.....###.##.# #......#
.#...# #.##.# #.####.#
.#..## #....# #.# .#....
.....#####.#
.#.########...gg@.# .#.#
####g#### ...# # ####


You could see 3 gnolls.

Vanquished Creatures
  Menkaure (D:4)
  An orc priest (D:2)
  2 hounds
  A jelly (D:4)
  A gnoll bouda (D:5)
  An iguana (D:5)
  A gnoll (D:5)
  3 adders
  A dart slug (D:4)
  4 orcs
  6 bats
  3 endoplasms (D:2)
  7 giant cockroaches (D:2)
  9 hobgoblins
  11 jackals
  3 quokkas
  3 ball pythons
  A frilled lizard (D:3)
  8 goblins
  5 kobolds
  7 rats
79 creatures vanquished.

Notes
Turn   | Place    | Note
-------+----------+-------------------------------------------
     0 | D:1      | funkygono the Minotaur Fighter began the quest for the Orb.
     0 | D:1      | Reached XP level 1. HP: 19/19 MP: 0/0
   422 | D:1      | Found Sife Hyd's Armour Shoppe.
   868 | D:2      | Reached XP level 2. HP: 27/27 MP: 1/1
  1069 | D:2      | Reached XP level 3. HP: 33/33 MP: 0/2
  1450 | D:2      | Reached XP level 4. HP: 40/40 MP: 3/3
  1762 | D:3      | Found a stormy altar of Qazlal.
  1852 | D:3      | Found a runed translucent gate.
  1852 | D:3      | Found a runed translucent gate.
  1852 | D:3      | Found a runed translucent gate.
  1983 | D:3      | Found a sacrificial altar of Ru.
  2244 | D:3      | Noticed sanka's ghost (amateur HOMo)
  2373 | D:4      | Reached XP level 5. HP: 47/47 MP: 2/4
  2482 | D:4      | Found a hide-covered altar of Uskayaw.
  2484 | D:4      | Found Heacwuer's Weapon Shoppe.
  2659 | D:4      | Found Dugofrie's Weapon Emporium.
  2769 | D:4      | Found a broken altar of Ashenzari.
  2775 | D:4      | Found a radiant altar of Vehumet.
  3006 | D:4      | Noticed Menkaure
  3012 | D:4      | Killed Menkaure
  3013 | D:4      | Reached skill level 5 in Axes
  3013 | D:4      | Reached skill level 5 in Armour
  3013 | D:4      | Reached skill level 1 in Dodging
  3013 | D:4      | Reached XP level 6. HP: 53/53 MP: 5/5
  3414 | D:5      | Entered Level 5 of the Dungeon
  3501 | D:5      | HP: 2/55 [gnoll/+0 halberd[a gnoll bouda] (3)]
  3501 | D:5      | Slain by a gnoll

Illustrated notes

Levels and vault maps discovered:
D:1:      amcnicky_arrival_choice, layout_basic, serial_shops,
          nicolae_shop_crystal
D:2:      layout_loops_cross, minmay_worlds_worst_comb
D:3:      layout_basic, old_standard_altar, nicolae_qazlal_scattered_showers,
          gammafunk_ghost_icy
D:4:      layout_gridville, mainiacjoe_overflow_surrounded_room,
          amethyst_overflow_temple_binary, serial_shops, shop,
          nicolae_lakefront_shop, uniq_menkaure
D:5:      layout_loops_ring, mainiacjoe_overflow_paths

Skill      XL: |  1  2  3  4  5 |
---------------+----------------+-----
Shields        | 4 |  4.7
Fighting       | 4 |  4.8
Armour         | 4 5 |  5.4
Axes           | 3 4 5 |  5.6
Dodging        | 1 |  1.4

Action                     |  1- 3 |  4- 6 || total
---------------------------+-------+-------++-------
  Melee: War axe           |    51 |   115 ||   166
         Headbutt          |     9 |    10 ||    19
 Armour: Scale mail        |    29 |    37 ||    66
  Dodge: Dodged            |    28 |    57 ||    85
  Block: Buckler           |    15 |    33 ||    48

Table legend: (Time is in decaauts)
 A = Elapsed time spent in this place.
 B = Non-inter-level travel time spent in this place.
 C = Inter-level travel time spent in this place.
 D = Time resting spent in this place.
 E = Time spent auto-exploring this place.
 F = Levels seen in this place.
 G = Mean time per level.
                   A        B        C        D        E       F      G
               +--------+--------+--------+--------+--------+-----+--------+
         Total |   3557 |   3365 |    192 |      0 |   2751 |   5 |  711.4 |
       Dungeon |   3557 |   3365 |    192 |      0 |   2751 |   5 |  711.4 |
               +--------+--------+--------+--------+--------+-----+--------+

Top non-repeatable levels by time:
     D:4: 1092 daAuts
     D:1: 954 daAuts
     D:2: 783 daAuts
     D:3: 634 daAuts
     D:5: 91 daAuts
